 Dungeon Crawl Stone Soup version 0.31.0-4-g52a2dc7128 (webtiles) character file.

Game seed: 8514819746224940191

72 SnakkuSnakku7 the Poker (level 4, 0/33 HPs)
             Began as a Merfolk Earth Elementalist on Jan 22, 2024.
             Slain by an iguana (10 damage)
             ... on level 3 of the Dungeon.
             The game lasted 00:02:57 (1693 turns).

SnakkuSnakku7 the Poker (MfEE)                      Turns: 1693, Time: 00:02:57

Health: 0/33       AC: 10    Str: 10    XL:     4   Next: 26%
Magic:  7/7        EV: 10    Int: 14    God:
Gold:   68         SH:  0    Dex: 14    Spells: 6/7 levels left

rFire   . . .        a - +0 trident
rCold   . . .        (no shield)
rNeg    . . .        f - +3 ring mail
rPois   .            c - +0 helmet
rElec   .            (no cloak)
rCorr   .            (no gloves)
SInv    .            j - +0 pair of boots
Will    .....        (no amulet)
Stlth   +            (no ring)
HPRegen 0.25/turn    (no ring)
MPRegen 0.10/turn

%: no passive effects
@: no status effects
A: (nimble swimmer 2), mertail
a: no special abilities


You were on level 3 of the Dungeon.
You visited 1 branch of the dungeon, and saw 3 of its levels.

You collected 146 gold pieces.
You spent 78 gold pieces at shops.

Inventory:

Hand Weapons
 a - a +0 trident (weapon)
 d - a +0 dagger
Armour
 c - a +0 helmet (worn)
 e - a +0 robe
 f - a +3 ring mail (worn)
 j - a +0 pair of boots (worn)
Scrolls
 l - 3 scrolls of teleportation
 m - 2 scrolls of silence {unknown}
 p - a scroll of amnesia {unknown}
 q - a scroll of noise {unknown}
 r - a scroll of immolation {unknown}
Potions
 b - a potion of magic
 g - a potion of resistance {unknown}
 h - a potion of mutation {unknown}
 i - a potion of lignification {unknown}
 k - a potion of heal wounds {unknown}
 n - a potion of enlightenment {unknown}
 o - a potion of curing {unknown}
 s - 2 potions of attraction {unknown}


   Skills:
 - Level 2.0 Fighting
 + Level 4.1 Polearms
 - Level 2.6 Dodging
 - Level 2.1 Stealth
 - Level 2.0 Spellcasting
 - Level 0.7 Conjurations
 - Level 2.4 Earth Magic


You had 6 spell levels left.
You knew the following spells:

 Your Spells              Type           Power      Damage    Failure   Level
a - Sandblast             Erth           16%        2d6       24%         1

Your spell library contained the following spells:

 Spells                   Type           Power      Damage    Failure   Level
 Passwall                 Erth           8%         N/A       56%         3
 Cigotuvi's Dreadful Rot  Necr/Alch/Air  2%         N/A       67%         2
 Stone Arrow              Conj/Erth      10%        3d7       69%         3
 Brom's Barrelling Bould  Conj/Erth      5%         2d3       97%         4
 Petrify                  Alch/Erth      4%         N/A       98%         4
 Ignite Poison            Fire/Alch      1%         N/A       99%         4
 Freezing Cloud           Conj/Ice/Air   1%         6-21      100%        5


Dungeon Overview and Level Annotations

Branches:
Dungeon (3/15)

Altars:
Kikubaaqudgha

Shops:
D:2 [*!=?


Innate Abilities, Weirdness & Mutations

((You are very nimble when in or above water. (Stealth+, EV+, Speed+++)))
Your lower body shifts to a powerful aquatic tail in water.


Message History

The stream of webbing hits you but does no damage.
You are caught in a web!
You struggle to detach yourself from the web.
The ribbon worm bites you but does no damage.
The web tears apart.
You puncture the ribbon worm!
You kill the ribbon worm!
A ball python and a frilled lizard come into view.
The ball python hisses angrily.
The frilled lizard hisses angrily.
An iguana comes into view.
There are monsters nearby!
The iguana hisses angrily.
You reach to attack!
You barely miss the frilled lizard.
You reach to attack!
You hit the iguana.
The iguana is moderately wounded.
You hit the iguana but do no damage.
The iguana is moderately wounded.
The ball python barely misses you. x2; The iguana misses you.
The ball python bites you but does no damage.
The ball python barely misses you.
You hit the iguana but do no damage.
The iguana is moderately wounded.
The ball python bites you but does no damage.
The ball python barely misses you. The iguana bites you!
You hit the iguana.
The iguana is heavily wounded.
The ball python bites you but does no damage.
The ball python grabs you. The ball python constricts you.
The iguana bites you.
You puncture the ball python!
You kill the ball python!
The iguana bites you!
You are too injured to fight recklessly!
You are too injured to fight recklessly!
You are too injured to fight recklessly!
Unknown command.
You hit the iguana.
The iguana is almost dead.
The iguana bites you!
You die...

##### ..... ... #
########.##.#
#............
##..#.##.##+#+#
###.###.#....#.....
......†.###........
.#...##@#..........
#.. #l#..........
#. #l#<...#..... ..
#.###.##..... # #..
.... +### ... ..#.#
##. .##.# ... #


You could see an iguana and a frilled lizard.

Vanquished Creatures
  An adder (D:2)
  A dart slug (D:2)
  2 ribbon worms
  An endoplasm (D:1)
  A giant cockroach (D:1)
  6 goblins
  5 hobgoblins
  10 jackals
  6 quokkas
  4 ball pythons
  4 bats
  2 frilled lizards (D:1)
  4 kobolds (D:1)
  4 rats
51 creatures vanquished.

Notes
Turn   | Place    | Note
-------+----------+-------------------------------------------
     0 | D:1      | SnakkuSnakku7 the Merfolk Earth Elementalist began the
                  | quest for the Orb.
     0 | D:1      | Reached XP level 1. HP: 13/13 MP: 3/3
   112 | D:1      | Reached skill level 1 in Fighting
   325 | D:1      | Reached XP level 2. HP: 17/22 MP: 5/5
   459 | D:1      | Reached skill level 1 in Polearms
   613 | D:1      | Reached skill level 2 in Polearms
   613 | D:1      | Reached XP level 3. HP: 27/27 MP: 6/6
   857 | D:2      | Found Seff's Magic Scroll Boutique.
   867 | D:2      | Bought a scroll of teleportation for 33 gold pieces
   867 | D:2      | Bought a scroll of teleportation for 33 gold pieces
   991 | D:2      | Found Bidiezinu's Jewellery Shoppe.
   993 | D:2      | Found Rustra Donu's Distillery.
  1005 | D:2      | Reached skill level 3 in Polearms
  1029 | D:2      | Bought a potion of degeneration for 12 gold pieces
  1076 | D:2      | Found Huockicw's Assorted Antiques.
  1185 | D:2      | Found an ancient bone altar of Kikubaaqudgha.
  1276 | D:2      | Reached XP level 4. HP: 33/33 MP: 7/7
  1449 | D:2      | Reached skill level 4 in Polearms
  1599 | D:2      | Found Kuviveih's Antique Armour Emporium.
  1693 | D:3      | Slain by an iguana

Illustrated notes

Levels and vault maps discovered:
D:1:      lemuel_arrival_cross, layout_loops_cross
D:2:      layout_basic, basic_altar, serial_shops, shop, shop, shop, shop,
          nicolae_shop_statue_plus
D:3:      layout_basic, overflow_temple_1_default, nicolae_eternal_life,
          uniq_sigmund, uniq_natasha

Skill      XL: |  1  2  3  4 |
---------------+-------------+-----
Fighting       | 1 2 |  2.0
Polearms       | 2 3 4 |  4.1
Dodging        | |  2.6
Stealth        | |  2.1
Spellcasting   | |  2.0
Conjurations   | |  0.7
Earth Magic    | |  2.4

Action                     |  1- 3 |  4- 6 || total
---------------------------+-------+-------++-------
  Melee: Trident           |   127 |    48 ||   175
         Unarmed           |     7 |       ||     7
         Dagger            |     3 |       ||     3
         Punch             |     1 |       ||     1
   Cast: Sandblast         |     6 |       ||     6
   Stab: Sleeping          |     3 |     1 ||     4
 Armour: Robe              |    31 |       ||    31
         Ring mail         |    60 |    26 ||    86
  Dodge: Dodged            |    63 |    31 ||    94
